 Dungeon Crawl Stone Soup version 0.31.0-9-g3a7656b989 (webtiles) character file.

Game seed: 17054485340450346379

46 Armakuni the Ducker (level 3, 0/23 HPs)
             Began as a Deep Elf Gladiator on Jan 25, 2024.
             Slain by Robin
             ... wielding a +0 trident
              (8 damage)
             ... on level 2 of the Dungeon.
             The game lasted 00:02:49 (975 turns).

Armakuni the Ducker (Deep Elf Gladiator)             Turns: 975, Time: 00:02:49

Health: 0/23       AC:  5    Str: 13    XL:     3   Next: 46%
Magic:  5/5        EV: 13    Int: 12    God:
Gold:   10         SH:  0    Dex: 16    Spells: 2/2 levels left

rFire   . . .        a - +1 quarterstaff
rCold   . . .        (shield currently unavailable)
rNeg    . . .        b - +0 leather armour
rPois   .            c - +1 helmet
rElec   .            (no cloak)
rCorr   .            (no gloves)
SInv    .            (no boots)
Will    .....        (no amulet)
Stlth   +            W - ring of wizardry
HPRegen 0.23/turn    L - ring of flight
MPRegen 0.09/turn

%: wizardry (x1)
@: flying
A: no striking features
a: no special abilities


You were on level 2 of the Dungeon.
You visited 1 branch of the dungeon, and saw 2 of its levels.

You collected 115 gold pieces.
You spent 105 gold pieces at shops.

Inventory:

Hand Weapons
 a - a +1 quarterstaff (weapon)
Missiles
 d - 2 throwing nets (quivered)
 e - a javelin
Armour
 b - a +0 leather armour (worn)
 c - a +1 helmet (worn)
 f - an orb of wrath
Jewellery
 L - a ring of flight (right hand)
 W - a ring of wizardry (left hand)
Potions
 g - 3 potions of brilliance


   Skills:
 + Level 3.2 Fighting
 - Level 3.0 Staves
 - Level 2.0 Throwing
 - Level 3.6 Dodging


You had 2 spell levels left.
You didn't know any spells.
Your spell library was empty.

Dungeon Overview and Level Annotations

Branches:
Dungeon (2/15)

Altars:

Shops:
D:2 *

Annotations:
D:2 Robin


Message History

Robin roars a battlecry!
The goblin goes into a battle-frenzy!
You closely miss Robin.
Robin is severely wounded.
The goblin no longer looks unusually strong.
The goblin barely misses you.
You can't do that in your present form.
Unknown command.
It was a potion of curing.
You feel better. The goblin barely misses you.
You hit Robin but do no damage.
Robin is severely wounded.
The goblin hits you with a +0 club.
You hit Robin but do no damage.
Robin is severely wounded.
The goblin closely misses you.
You hit Robin but do no damage.
Robin is severely wounded.
The goblin hits you with a +0 club. Robin hits you with a +0 trident!
* * * LOW HITPOINT WARNING * * *
It was a potion of heal wounds.
You feel much better. The goblin barely misses you.
Robin points. "Kill!"
Robin roars a battlecry!
The goblin goes into a battle-frenzy!
It was a potion of magic.
Magic courses through your body. The goblin misses you.
Robin hits you with a +0 trident!
You hit Robin but do no damage.
Robin is severely wounded.
You feel less porcine.
Your +1 quarterstaff unmelds from your body.
Your +1 helmet unmelds from your body.
Your +0 leather armour unmelds from your body.
Your ring of wizardry unmelds from your body.
Your ring of flight unmelds from your body.
You fly up into the air.
The goblin hits you with a +0 club.
You hit Robin but do no damage.
Robin is severely wounded.
The goblin hits you with a +0 club. Robin hits you with a +0 trident!
You die...
Robin calls out, "Let's celebrate!
Time for a feast!"

###.#######.
#...........
#.#.#######.
#.#.# #.#.# ## ##
#.#.#####.###.
#.#.....##.#. #
#.#.....##..###g#
#..........gg@gg#
#...........#####
#...........#
#..........##
#..........##
#...........#
#.........#.#
#.........#.#
#..[∩[....#.#


You could see Robin and 4 goblins.

Vanquished Creatures
  An adder (D:2)
  A dart slug (D:1)
  3 endoplasms (D:1)
  2 giant cockroaches (D:1)
  3 goblins
  3 hobgoblins
  5 kobolds
  3 quokkas
  2 ball pythons (D:1)
  6 bats (D:1)
  3 frilled lizards
  6 rats
38 creatures vanquished.

Notes
Turn   | Place    | Note
-------+----------+-------------------------------------------
     0 | D:1      | Armakuni the Deep Elf Gladiator began the quest for the
                  | Orb.
     0 | D:1      | Reached XP level 1. HP: 12/12 MP: 3/3
     2 | D:1      | Noticed an armataur
     2 | D:1      | Noticed a minotaur
     4 | D:1      | Noticed a demonspawn
     6 | D:1      | Noticed a formicid
     6 | D:1      | Noticed a naga
     8 | D:1      | Noticed a barachi
     8 | D:1      | Noticed an oni
    10 | D:1      | Noticed a felid
    10 | D:1      | Noticed a demigod
    12 | D:1      | Noticed a vine stalker
    14 | D:1      | Noticed a djinni
    16 | D:1      | Noticed a vampire
    16 | D:1      | Noticed a ghoul
    18 | D:1      | Noticed a tengu
    18 | D:1      | Noticed a merfolk
    20 | D:1      | Noticed a human
    22 | D:1      | Noticed a gargoyle
    22 | D:1      | Noticed a spriggan
    24 | D:1      | Noticed an octopode
    24 | D:1      | Noticed an elf
    26 | D:1      | Noticed a troll
    26 | D:1      | Noticed a draconian
   115 | D:1      | Reached XP level 2. HP: 15/17 MP: 4/4
   607 | D:1      | Reached XP level 3. HP: 22/22 MP: 5/5
   795 | D:2      | Found Ushrailya's General Store.
   940 | D:2      | Bought a scroll of enchant weapon for 105 gold pieces
   948 | D:2      | Noticed Robin
   975 | D:2      | Slain by Robin

Illustrated notes

Levels and vault maps discovered:
D:1:      kb_arrival_jail, layout_basic, minmay_tripent
D:2:      layout_loops_ring, serial_glass, glass_columns_a, glass_columns_b,
          serial_shops, shop, basic_altar, uniq_robin, uniq_sigmund

Skill      XL: |  1  2  3 |
---------------+----------+-----
Fighting       | 2 3 |  3.2
Staves         | |  3.0
Throwing       | |  2.0
Dodging        | |  3.6

Action                     || total
---------------------------++-------
  Melee: Quarterstaff      ||   109
         Unarmed           ||    16
  Throw: Throwing net      ||     1
    Use: Scroll            ||     5
         Potion            ||     3
   Stab: Held in net/web   ||     1
         Sleeping          ||     1
 Armour: Leather armour    ||    66
         Skin              ||     6
  Dodge: Dodged            ||   110
